Map: Overgrowth LE (Void)

Players

Trizztein - Winner!

  • Race: Terran Terran
  • League: Diamond
  • Spawn Location: 1:00

A.I. 1 (Easy)

  • Race: Zerg Zerg
  • Spawn Location: 7:00

VOD

Have the link to the VOD?

Description

Time

  • Played on: Dec. 14, 2016, 5:18 p.m.
  • Length: 12:07
Show
View Real Time Build Order
Export as new Build Order

Trizztein Terran - Winner!

Build Orders: Reaper Expand, Hellion Banshee, Mech 

Get SALT Encoding   

  12  0:00  SCV  
  13  0:13  SCV  
  14  0:18  Supply Depot  
  14  0:25  SCV  
  15  0:39  SCV  
  15  0:41  Barracks  
  16  0:45  Refinery  
  16  0:51  SCV  
  17  1:04  SCV  
  18  1:16  SCV  
  19  1:28  Orbital Command  
  19  1:29  Reaper  
  20  1:39  Command Center  
  20  1:49  Supply Depot  
  20  1:54  SCV  
  21  2:01  Marine  
  21  2:06  SCV  
  23  2:09  Factory  
  23  2:11  Refinery  
  23  2:18  SCV  
  24  2:24  Barracks Reactor  
  24  2:30  SCV  
  25  2:42  SCV  
  26  2:54  SCV  
  26  2:56  Orbital Command  
  27  3:05  Starport  
  27  3:07  Hellion x2  
  27  3:08  SCV  
  32  3:19  Barracks Tech Lab, Supply Depot  
  32  3:20  SCV  
  32  3:22  SCV  
  34  3:29  Hellion x2  
  34  3:32  SCV  
  39  3:34  SCV  
  40  3:44  SCV  
  40  3:46  SCV  
  42  3:54  Armory  
  42  3:56  SCV  
  42  3:57  Cloaking Field, Banshee  
  42  3:58  SCV  
  42  4:02  Supply Depot  
  47  4:04  Supply Depot  
  47  4:06  Hellion  
  47  4:08  Hellion  
  47  4:09  SCV  
  52  4:10  SCV  
  53  4:21  SCV  
  53  4:24  SCV  
  55  4:26  Command Center  
  55  4:33  SCV  
  55  4:36  SCV  
  57  4:39  Refinery x2  
  57  4:41  Banshee  
  57  4:42  Supply Depot  
  57  4:45  SCV  
  61  4:48  SCV  
  61  4:50  Hellion x2  
  66  4:58  SCV  
  67  5:01  Barracks Reactor  
  67  5:09  Factory  
  67  5:10  SCV x2  
  69  5:20  Cyclone x2  
  75  5:22  SCV  
  75  5:25  Supply Depot  
  75  5:26  Engineering Bay  
  75  5:27  Supply Depot  
  76  5:35  SCV x2  
  78  5:37  Banshee  
  82  5:46  Factory  
  82  5:47  SCV x2  
  82  5:48  Barracks Tech Lab, Orbital Command  
  83  5:50  Supply Depot x2  
  83  5:51  Terran Vehicle Weapons Level 1  
  83  5:59  SCV x2  
  85  6:05  Cyclone x2  
  92  6:11  SCV  
  92  6:12  SCV  
  92  6:16  Orbital Command  
  93  6:23  Hellion x2, SCV  
  93  6:25  SCV  
  99  6:28  Refinery  
  99  6:29  Supply Depot  
  99  6:31  Raven, Supply Depot  
  99  6:32  Refinery  
  101  6:35  SCV  
  101  6:37  Cyclone, SCV  
  101  6:39  Cyclone  
  109  6:47  SCV  
  109  6:49  SCV  
  109  6:50  SCV  
  112  6:59  SCV  
  113  7:01  SCV  
  113  7:02  SCV  
  113  7:08  Siege Tank  
  118  7:09  Armory, Supply Depot  
  118  7:10  Cyclone, Supply Depot  
  118  7:11  Hellion x2, SCV  
  118  7:13  SCV  
  127  7:20  SCV  
  128  7:24  Starport Reactor, SCV  
  128  7:25  Cyclone, SCV  
  133  7:31  Hellion x6  
  133  7:32  SCV  
  133  7:36  Supply Depot, SCV  
  135  7:38  Supply Depot  
  135  7:40  Siege Tank  
  135  7:42  SCV  
  139  7:44  Cyclone, SCV  
  139  7:45  Hellion, Cyclone  
  139  7:48  SCV  
  151  8:04  Terran Vehicle Weapons Level 2  
  149  8:08  Terran Vehicle And Ship Armor Level 1  
  149  8:09  Supply Depot x2  
  149  8:12  Siege Tank  
  152  8:13  Cyclone  
  152  8:14  Hellion  
  152  8:17  Hellion x2, Liberator x2  
  161  8:21  Command Center  
  161  8:23  Missile Turret  
  161  8:24  Command Center  
  161  8:25  Command Center, Missile Turret  
  161  8:27  Missile Turret  
  161  8:28  Missile Turret  
  167  8:50  Hellion  
  167  8:51  Hellion, Cyclone x2  
  167  8:53  Hellion  
  179  8:59  Supply Depot x2  
  179  9:03  Liberator  
  179  9:05  Factory  
  179  9:09  Factory  
  179  9:12  Hellion  
  179  9:16  Cyclone  
  184  9:17  Siege Tank  
  190  9:45  Cyclone  
  190  9:46  Hellion, Cyclone  
  190  9:48  Hellion  
  200  10:09  Factory Reactor  
  200  10:15  Infernal Pre-Igniter  
  200  10:19  Refinery  
  200  10:21  Refinery  
  200  10:50  Missile Turret, Planetary Fortress  
  200  11:07  Planetary Fortress  
  200  11:11  Sensor Tower  
  200  11:15  Refinery x2  
Show
View Real Time Build Order
Export as new Build Order

A.I. 1 (Easy) Zerg 

Build Orders: Pool First 

Get SALT Encoding   

  12  0:00  Drone  
  13  0:12  Overlord  
  13  0:17  Drone  
  14  0:30  Drone  
  14  0:35  Drone  
  16  0:42  Spawning Pool  
  16  0:44  Extractor  
  16  0:45  Drone  
  16  0:50  Drone  
  16  0:58  Overlord  
  16  1:29  Queen  
  16  1:31  Zergling x2  
  19  1:34  Drone, Roach Warren  
  19  1:35  Extractor  
  18  1:42  Drone  
  19  1:54  Zergling x2  
  20  2:00  Overlord  
  20  2:17  Roach  
  22  2:28  Drone  
  23  2:34  Drone  
  24  2:40  Roach  
  24  2:43  Overlord  
  26  2:48  Drone  
  27  2:53  Drone  
  28  3:01  Drone  
  29  3:12  Drone  
  30  3:17  Roach  
  32  3:40  Roach  
  34  4:03  Roach  
  36  6:15  Zergling x2  
  32  6:37  Drone  
  32  6:38  Roach  
  32  6:41  Drone  
  32  6:45  Drone, Lair, Overlord  
  33  6:50  Drone  
  33  6:53  Hatchery  
  33  6:54  Drone  
  33  6:56  Roach  
  36  7:03  Drone  
  36  7:07  Drone  
  38  7:14  Zergling x2  
  39  7:21  Overlord  
  31  7:32  Zergling x2  
  32  7:42  Overseer  
  32  7:43  Spire  
  31  7:45  Overseer  
  31  7:50  Zergling x2  
  32  8:06  Drone  
  32  8:10  Drone  
  34  8:14  Drone  
  34  8:17  Extractor  
  34  8:18  Extractor  
  34  8:19  Drone  
  34  8:23  Drone  
  35  8:27  Drone  
  35  8:31  Drone  
  37  8:36  Drone  
  37  8:40  Drone  
  39  8:44  Drone  
  40  8:49  Drone  
  40  8:53  Drone  
  42  8:56  Mutalisk  
  42  8:57  Drone  
  42  9:02  Drone  
  46  9:06  Drone  
  47  9:10  Drone  
  47  9:14  Mutalisk, Drone  
  51  9:19  Drone  
  51  9:23  Drone  
  53  9:28  Drone  
  54  9:32  Drone, Mutalisk  
  54  9:36  Drone  
  54  9:37  Overlord  
  58  9:40  Drone  
  59  9:50  Mutalisk  
  61  10:10  Zergling x2  
  59  10:27  Zergling x2  
  54  10:42  Roach  
  56  10:55  Mutalisk  
  58  11:10  Mutalisk  
  60  11:23  Drone  
  60  11:25  Roach  
  53  11:28  Drone  
  53  11:32  Drone  
  39  11:36  Drone  
  39  11:39  Mutalisk  
  39  11:41  Drone  
  39  11:45  Drone  
  39  11:47  Overlord  
  36  11:49  Drone  
  26  11:54  Drone  
Tags
 
Add a new tag
Caveats
  • Supply blocks, unpowered buildings, or Contaminate may cause inaccurate times.
  • Supply counts are checked every 10 seconds.